 Dungeon Crawl Stone Soup version 0.31-a0-188-g5e087ee2ca (webtiles) character file.

Game seed: 8895400969079096951

367 qw the Skirmisher (level 6, -14/36 HPs)
             Began as a Deep Elf Hunter on June 23, 2023.
             Demolished by Edmund
             ... wielding a +2 heavy flail
              (15 damage)
             ... on level 5 of the Dungeon.
             The game lasted 00:01:20 (3296 turns).

qw the Skirmisher (Deep Elf Hunter)                 Turns: 3296, Time: 00:01:20

Health: -14/36     AC:  7    Str: 10    XL:     6   Next: 41%
Magic:  8/8        EV: 16    Int: 14    God:
Gold:   198        SH:  0    Dex: 18    Spells: 5/5 levels left

rFire   . . .        Y - +0 orcbow
rCold   . . .        (shield currently unavailable)
rNeg    + . .        o - +0 ring mail
rPois   .            (no helmet)
rElec   .            (no cloak)
rCorr   .            (no gloves)
SInv    .            f - +1 pair of boots
Will    .....        d - amulet of faith
Stlth   +            e - +5 ring of evasion
HPRegen 0.26/turn    g - ring of positive energy
MPRegen 0.11/turn

%: faith
@: about to teleport
A: no striking features
a: no special abilities


You were on level 5 of the Dungeon.
You visited 1 branch of the dungeon, and saw 5 of its levels.

You collected 198 gold pieces.


   Skills:
 - Level 2.4 Fighting
 + Level 9.7 Ranged Weapons
 - Level 2.4 Dodging
 - Level 1.2 Stealth


You had 5 spell levels left.
You didn't know any spells.
Your spell library was empty.

Inventory:

Hand Weapons
 Y - a +0 orcbow (weapon)
Armour
 f - a +1 pair of boots (worn)
 o - a +0 ring mail (worn)
Jewellery
 c - a ring of fire
 d - an amulet of faith (around neck)
 e - a +5 ring of evasion (left hand)
 g - a ring of positive energy (right hand)
 m - an amulet of the acrobat
Scrolls
 b - 2 scrolls of teleportation
 h - a scroll of identify
Potions
 a - a potion of enlightenment
 j - a potion of haste
 k - a potion of heal wounds {unknown}
 l - a potion of curing {unknown}
 n - a potion of resistance {unknown}

Dungeon Overview and Level Annotations

Branches:
Dungeon (5/15)
 Temple: D:4-7

Altars:
Kikubaaqudgha
Qazlal

Shops:
D:3 =

Annotations:
D:3 3 runed translucent doors, qw's ghost, amateur DEHu
D:4 1 runed translucent door, qw's ghost, amateur DEHu
D:5 Edmund


Message History

You hear the slow rusting of a distant drain.
You open the door.
There is an open door here.
There is a stone staircase leading up here.
You open the door.
Found 3 stones.
There is an open door here.
Edmund the Younger comes into view.
He is wielding a +2 heavy flail and wearing a +2 scale mail of cold resistance.
Edmund shouts!
Enter note: You shoot an arrow.
The arrow hits Edmund.
Edmund is lightly wounded.
You shoot an arrow. The arrow hits Edmund!
Edmund is moderately wounded.
Edmund hits you with a +2 heavy flail!
You shoot an arrow. The arrow hits Edmund!
Edmund is heavily wounded.
Edmund hits you with a +2 heavy flail!
You shoot an arrow. The arrow barely misses Edmund.
Edmund barely misses you.
You shoot an arrow. The arrow hits Edmund.
Edmund is heavily wounded.
Edmund misses you.
You shoot an arrow. The arrow closely misses Edmund.
You shoot an arrow. The arrow closely misses Edmund.
Edmund misses you.
You shoot an arrow.
The arrow hits Edmund but does no damage.
Edmund is heavily wounded.
Edmund misses you.
You shoot an arrow. The arrow hits Edmund!
Edmund is severely wounded.
Edmund hits you with a +2 heavy flail!
3295 ||| READING 3 scrolls of teleportation.
As you read the scroll of teleportation, it crumbles to dust.
You feel strangely unstable.
You shoot an arrow. The arrow hits Edmund.
Edmund is severely wounded.
Edmund hits you with a +2 heavy flail!
You die...

.........#... ..
.#######.###. .. #.# #.
.# ##'###. .. ##...##.
#. ### ##.....#. #.##.##
##........
##.###@#(..####.........
.......@......'<........
##.###.#...####.........
#.##.## ##.......# #.
### ##.....## #.
##...### #. ##'## # #.
######.## #. #.......#
#.####..#


You could see Edmund.

Vanquished Creatures
  A kobold brigand (D:4)
  A scorpion (D:4)
  A hound (D:4)
  An iguana (D:4)
  3 gnolls (D:3)
  4 adders
  A white imp (D:4)
  6 worms
  2 dart slugs
  4 orcs
  9 ball pythons
  5 bats
  9 endoplasms
  2 giant cockroaches
  7 goblins
  5 hobgoblins
  4 jackals (D:4)
  10 kobolds
  4 quokkas (D:2)
  A frilled lizard (D:4)
  8 rats
88 creatures vanquished.

Notes
Turn   | Place    | Note
-------+----------+-------------------------------------------
     0 | D:1      | qw the Deep Elf Hunter began the quest for the Orb.
     0 | D:1      | Reached XP level 1. HP: 12/12 MP: 3/3
     0 | D:1      | 0 ||| qw: Version: 0.3-a-9-g12657ce
     0 | D:1      | 0 ||| qw: Game counter: 3318
     0 | D:1      | 0 ||| qw: Always use a shield: true
     0 | D:1      | 0 ||| qw: God list: Okawaru
     0 | D:1      | 0 ||| qw: Allow faded altars: false
     0 | D:1      | 0 ||| qw: Do Orc after D:15 true
     0 | D:1      | 0 ||| qw: Do second Lair branch before Depths: true
     0 | D:1      | 0 ||| qw: Lair rune preference: random
     0 | D:1      | 0 ||| qw: Plans: Normal
     0 | D:1      | 0 ||| PLANNING D:1-11
   257 | D:1      | Reached XP level 2. HP: 16/16 MP: 4/4
   297 | D:1      | Reached skill level 6 in Ranged Weapons
   405 | D:1      | Found a faded altar of an unknown god.
   875 | D:1      | 875 ||| UPGRADING to +5 ring of evasion.
   876 | D:1      | 876 ||| UPGRADING to ring of positive energy.
   877 | D:1      | 877 ||| READING 2 scrolls labelled ELE OKYULYFOGE.
   878 | D:1      | 878 ||| READING scroll of enchant weapon.
   878 | D:1      | 878 ||| ENCHANTING +1 shortbow.
   879 | D:1      | 879 ||| READING scroll labelled GEKAMP COTUYZO.
   880 | D:1      | 880 ||| READING 3 scrolls labelled WUSAUL SAABRY.
   881 | D:1      | 881 ||| DROPPING scroll of butterflies.
   882 | D:1      | 882 ||| DROPPING 2 scrolls of vulnerability.
   947 | D:2      | 947 ||| SWAPPING to +0 orcbow.
   951 | D:2      | 951 ||| DROPPING +2 shortbow.
  1032 | D:2      | Reached XP level 3. HP: 20/20 MP: 5/5
  1150 | D:2      | Reached skill level 7 in Ranged Weapons
  1461 | D:2      | Reached XP level 4. HP: 25/25 MP: 6/6
  1519 | D:2      | 1519 ||| UPGRADING to +0 ring mail.
  1529 | D:2      | 1529 ||| DROPPING +0 leather armour.
  1530 | D:2      | 1530 ||| UPGRADING to amulet of the acrobat.
  1535 | D:2      | 1535 ||| DROPPING ring of wizardry.
  1536 | D:2      | 1536 ||| READING scroll labelled DIFEYJA TAHAG.
  1537 | D:2      | 1537 ||| READING scroll labelled LAVEGUTOWY.
  1542 | D:2      | 1542 ||| READING scroll labelled YMUOLU GYGE.
  1543 | D:2      | 1543 ||| READING scroll labelled TANETE PAGO.
  1578 | D:3      | Reached skill level 8 in Ranged Weapons
  1677 | D:3      | Found Miepim's Jewellery Shoppe.
  1683 | D:3      | 1683 ||| SHOPLISTING ring of fire (350 gold, have 125).
  1683 | D:3      | 1683 ||| SHOPLISTING ring of poison resistance (280 gold,
                  | have 125).
  1683 | D:3      | 1683 ||| SHOPLISTING ring of protection from cold (350
                  | gold, have 125).
  1972 | D:3      | Found an ancient bone altar of Kikubaaqudgha.
  1972 | D:3      | Found a stormy altar of Qazlal.
  2023 | D:3      | Found a runed translucent gate.
  2023 | D:3      | Found a runed translucent gate.
  2023 | D:3      | Found a runed translucent gate.
  2024 | D:3      | Noticed qw's ghost (amateur DEHu)
  2024 | D:3      | Noticed qw's ghost (amateur DEHu)
  2025 | D:3      | Noticed qw's ghost (amateur DEHu)
  2183 | D:3      | 2183 ||| UPGRADING to +1 pair of boots.
  2188 | D:3      | 2188 ||| UPGRADING to amulet of faith.
  2198 | D:3      | 2198 ||| READING scroll labelled FEWUSOI QOAKAL.
  2199 | D:3      | 2199 ||| DRINKING 2 lumpy red potions.
  2256 | D:4      | Reached XP level 5. HP: 29/29 MP: 7/7
  2263 | D:4      | Reached skill level 9 in Ranged Weapons
  2299 | D:4      | 2299 ||| FLEEEEING.
  2300 | D:4      | 2300 ||| FLEEEEING.
  2301 | D:4      | 2301 ||| FLEEEEING.
  2311 | D:4      | 2311 ||| FLEEEEING.
  2312 | D:4      | 2312 ||| FLEEEEING.
  2315 | D:4      | 2315 ||| FLEEEEING.
  2316 | D:4      | 2316 ||| FLEEEEING.
  2317 | D:4      | 2317 ||| FLEEEEING.
  2318 | D:4      | 2318 ||| FLEEEEING.
  2319 | D:4      | 2319 ||| FLEEEEING.
  2320 | D:4      | 2320 ||| FLEEEEING.
  2321 | D:4      | 2321 ||| FLEEEEING.
  2322 | D:4      | 2322 ||| FLEEEEING.
  2323 | D:4      | 2323 ||| STAIRDANCE
  2586 | D:4      | Found a runed translucent door.
  2587 | D:4      | Noticed qw's ghost (amateur DEHu)
  2750 | D:4      | 2750 ||| Stepping ~*~*~tactically~*~*~ (outnumbered).
  2753 | D:4      | 2753 ||| Stepping ~*~*~tactically~*~*~ (outnumbered).
  2763 | D:4      | Reached XP level 6. HP: 31/36 MP: 8/8
  3154 | D:4      | 3154 ||| DRINKING 2 white potions.
  3155 | D:4      | 3155 ||| READING 2 scrolls of identify.
  3155 | D:4      | 3155 ||| IDENTIFYING smoky sapphire potion
  3156 | D:4      | 3156 ||| DROPPING potion of attraction.
  3163 | D:5      | Entered Level 5 of the Dungeon
  3164 | D:5      | 3164 ||| PLANNING SEWER
  3165 | D:5      | 3165 ||| STAIRDANCE
  3285 | D:5      | Noticed Edmund
  3294 | D:5      | HP: 1/36 [Edmund/+2 heavy flail (16)]
  3295 | D:5      | 3295 ||| READING 3 scrolls of teleportation.
  3296 | D:5      | Demolished by Edmund

Levels and vault maps discovered:
D:1:      dpeg_arrival_stone_temple_mockup, layout_loops_corners,
          hellmonk_ecumenical_altar_leap_of_faith, minmay_misc_feat_hallway,
          st_stairs_13, moated_statue
D:2:      layout_basic, kennysheep_potato
D:3:      layout_rooms, amethyst_overflow_temple_binary, serial_shops, shop,
          gammafunk_ghost_cemetery, kennysheep_boxes
D:4:      layout_rooms, ebering_ghost_inner_flame, lexackson_kobold_supper
D:5:      black_bear_nest_1, layout_loops_corners, elyvilon_altar_1,
          portal_sewer_entry_d, grunt_ministairs_3, uniq_eustachio, uniq_edmund

Skill      XL: |  1  2  3  4  5 |
---------------+----------------+-----
Ranged Weapons | 6 7 8 9 |  9.7
Fighting       | 2 |  2.4
Dodging        | |  2.4
Stealth        | |  1.2

Action                     |  1- 3 |  4- 6 || total
---------------------------+-------+-------++-------
   Fire: Shortbow          |    38 |       ||    38
         Orcbow            |    60 |   161 ||   221
    Use: Scroll            |     4 |     7 ||    11
         Potion            |       |     2 ||     2
 Armour: Leather armour    |     4 |       ||     4
         Ring mail         |       |    17 ||    17
  Dodge: Dodged            |    22 |    54 ||    76

Table legend:
 A = Non-vault XP
 B = Vault XP
 C = Vault XP percentage of total XP
 D = Non-vault monster count
 E = Vault monster count
 F = Vault count percentage of total count
                 A         B        C        D         E       F
            +---------+---------+-------+---------+---------+-------
      Total |     403 |     122 |  23.2 |      76 |      12 |  13.6
            +---------+---------+-------+---------+---------+-------
        D:1 |      19 |       3 |  13.6 |      11 |       2 |  15.4
        D:2 |      86 |       6 |   6.5 |      27 |       2 |   6.9
        D:3 |      74 |       0 |   0.0 |      18 |       0 |   0.0
        D:4 |     211 |     113 |  34.9 |      19 |       8 |  29.6
        D:5 |      13 |       0 |   0.0 |       1 |       0 |   0.0
            +---------+---------+-------+---------+---------+-------
